 Dungeon Crawl Stone Soup version 0.20.1-1-g8b1a95d (webtiles) character file.

1088 t3hbunneh the Cudgeler (level 8, -3/62 HPs)
             Began as a Demonspawn Fighter on Oct 26, 2017.
             Killed by nerve-wracking pain
             ... invoked by Menkaure
              (7 damage)
             ... on level 5 of the Dungeon.
             The game lasted 00:16:39 (3992 turns).

t3hbunneh the Cudgeler (Demonspawn Fighter)         Turns: 3992, Time: 00:16:40

Health: -3/62      AC:  8    Str: 18      XL:     8   Next: 9%
Magic:  7/7        EV:  7    Int: 10      God:
Gold:   257        SH:  9    Dex: 13 (15) Spells: 7/7 levels left

rFire    . . .     SeeInvis .   a - +1 flail
rCold    . . .     Gourm    .   c - +0 shield
rNeg     . . .     Faith    .   k - +2 scale mail {rPois}
rPois    +         Spirit   .   (no helmet)
rElec    .         Reflect  .   (no cloak)
rCorr    .         Harm     .   (no gloves)
MR       +....                  (no boots)
Stlth    +.........             (no amulet)
Regen    0.2/turn               (no ring)
MPRegen  0.1/turn               (no ring)

@: no status effects
A: claws 2, thin skeletal structure 1, low mp 1, magic resistance 1, powered by
death 1, screaming 1, spiny 2
a: no special abilities


You were on level 5 of the Dungeon.
You were not hungry.

You visited 1 branch of the dungeon, and saw 5 of its levels.
You also visited: Ossuary.

You collected 257 gold pieces.

Inventory:

Hand Weapons
 a - a +1 flail (weapon)
 e - a +2 mace of protection
Armour
 b - a +0 scale mail
 c - a +0 shield (worn)
 k - a +2 scale mail of poison resistance (worn)
 w - the +4 ring mail of Circular Logic {*Slow rElec MR+, unknown}
   (You found it on level 4 of the Dungeon)

   It insulates you from electricity.
   It affects your resistance to hostile enchantments.
   It may slow you when you take damage.
Jewellery
 h - an uncursed ring of poison resistance
Scrolls
 g - 4 scrolls of remove curse
 j - 2 scrolls of fog
 s - a scroll of magic mapping
 x - 3 scrolls of identify
Potions
 d - 2 potions of might
 i - 2 potions of haste
 l - 3 potions of lignification
 m - a potion of flight
 p - 4 potions of curing
 v - 2 potions of degeneration
Books
 z - a book of the Sky

   Spells                             Type                      Level
   a - Summon Lightning Spire         Summoning/Air                4
   b - Silence                        Hexes/Air                    5
   c - Deflect Missiles               Charms/Air                   6
   d - Conjure Ball Lightning         Conjuration/Air              6
   e - Tornado                        Air                          9
Comestibles
 f - 4 bread rations
 n - a meat ration
 o - a royal jelly


   Skills:
 + Level 5.2 Fighting
 + Level 7.5 Maces & Flails
 - Level 3.1 Armour
 - Level 0.3 Dodging
 + Level 1.0 Stealth
 - Level 2.9 Shields


You had 7 spell levels left.
You didn't know any spells.

Dungeon Overview and Level Annotations

Branches:
Dungeon (5/15)             Temple (0/1) D:4

Altars:
The Shining One

Annotations:
D:5 Menkaure


Innate Abilities, Weirdness & Mutations

You have very sharp fingernails.
You have a somewhat thin skeletal structure. (Dex +2, Stealth)
You regenerate a little health from kills.
You are mostly covered in sharp spines.
Your magical capacity is low. (-10% MP)
You are resistant to hostile enchantments. (MR+)
You occasionally shout uncontrollably at your foes.


Message History

Menkaure, Prince of Dust comes into view.
Menkaure is nearby!
Menkaure casts a spell at you. You resist with some effort.
Menkaure mumbles some strange words.
Menkaure seems to speed up.
You see here a bread ration.
Menkaure hits you but does no damage.
Menkaure calls on the powers of darkness!
Your body is wracked with pain!
Menkaure is struck by your spines. Menkaure hits you! Menkaure hits you.
Menkaure hits you!
* * * LOW HITPOINT WARNING * * *
Menkaure calls on the powers of darkness!
Your body is wracked with pain!
* * * LOW HITPOINT WARNING * * *
Menkaure points at you and mumbles some strange words.
Pain shoots through your body!
You die...

###+##.# .## #......#
...# # #%.....# ...#
#.#......+ #...#
#.#......# ....#
#.#......#+#..#.#
#.##?..............#
#.....[..#..M.....##
######.......@....#
#......#.#.............#
##.###.#........>.####.#
#.###....##.#...... #.
#....# .#.###.# #M
#....##.....#.# #.
#......######.# #.
#....#......#.#
.........#####...#


You could see Menkaure.

Vanquished Creatures
  2 ogres (D:5)
  A centaur (D:5)
  3 water moccasin zombies (Ossuary)
  A scorpion (D:4)
  2 centaur zombies (D:5)
  2 jellies (D:5)
  3 orc wizards (D:3)
  An orc priest (D:3)
  4 worker ants (D:4)
  2 big kobold zombies (Ossuary)
  2 mummies (Ossuary)
  12 adders
  3 oozes
  3 adder zombies
  2 adder skeletons
  A worm (D:3)
  4 dart slugs
  A leopard gecko (D:5)
  12 orcs
  4 giant cockroaches
  2 gnoll zombies (Ossuary)
  5 goblins
  2 hobgoblins (D:2)
  7 jackals
  3 quokkas
  A ball python (D:4)
  5 bats
  8 frilled lizards
  A giant cockroach zombie (D:5)
  4 hobgoblin zombies (Ossuary)
  4 kobolds
  4 kobold zombies (Ossuary)
  A leopard gecko skeleton (D:4)
  3 orc zombies (Ossuary)
  A quokka skeleton (D:4)
  10 rats
126 creatures vanquished.

Vanquished Creatures (others)
  2 kobold zombies (Ossuary)
2 creatures vanquished.

Grand Total: 128 creatures vanquished

Notes
Turn   | Place    | Note
-------+----------+-------------------------------------------
     0 | D:1      | t3hbunneh the Demonspawn Fighter began the quest for the Orb.
     0 | D:1      | Reached XP level 1. HP: 18/18 MP: 1/1
   357 | D:1      | Gained mutation: You are partially covered in sharp spines. [demonic ancestry]
   357 | D:1      | Reached XP level 2. HP: 24/24 MP: 2/2
   472 | D:1      | Reached skill level 2 in Maces & Flails
   809 | D:2      | Gained mutation: You have sharp fingernails. [demonic ancestry]
   809 | D:2      | Reached XP level 3. HP: 23/29 MP: 3/3
   894 | D:2      | Found a glowing golden altar of the Shining One.
  1240 | D:2      | Gained mutation: You have a somewhat thin skeletal structure. (Dex +2, Stealth) [demonic ancestry]
  1240 | D:2      | Reached XP level 4. HP: 28/35 MP: 4/4
  1413 | D:3      | Reached skill level 3 in Maces & Flails
  1583 | D:3      | Reached XP level 5. HP: 23/42 MP: 5/5
  1679 | D:3      | Reached skill level 4 in Maces & Flails
  1761 | D:3      | Gained mutation: You have very sharp fingernails. [demonic ancestry]
  1761 | D:3      | Reached XP level 6. HP: 32/48 MP: 6/6
  2123 | D:4      | Found a staircase to the Ecumenical Temple.
  2191 | D:4      | Got an ichor-stained ring mail
  2216 | D:4      | Reached skill level 5 in Maces & Flails
  2354 | D:5      | Entered Level 5 of the Dungeon
  2756 | D:5      | Found a sand-covered staircase.
  2772 | Ossuary  | Entered an ossuary
  2943 | Ossuary  | Gained mutation: You regenerate a little health from kills. [demonic ancestry]
  2943 | Ossuary  | Reached XP level 7. HP: 54/55 MP: 7/7
  3037 | Ossuary  | Reached skill level 6 in Maces & Flails
  3440 | Ossuary  | Gained mutation: You occasionally shout uncontrollably at your foes. [potion of mutation]
  3440 | Ossuary  | Gained mutation: Your magical capacity is low. (-10% MP) [potion of mutation]
  3440 | Ossuary  | Gained mutation: You are resistant to hostile enchantments. (MR+) [potion of mutation]
  3509 | D:5      | Reached skill level 5 in Fighting
  3509 | D:5      | Reached skill level 7 in Maces & Flails
  3731 | D:5      | Reached skill level 1 in Stealth
  3731 | D:5      | Gained mutation: You are mostly covered in sharp spines. [demonic ancestry]
  3731 | D:5      | Reached XP level 8. HP: 62/62 MP: 7/7
  3971 | D:5      | Noticed Menkaure
  3990 | D:5      | HP: 3/62 [??? (1)]
  3992 | D:5      | Killed from afar by Menkaure

Skill      XL: |  1  2  3  4  5  6  7 |
---------------+----------------------+-----
Armour         | 3 |  3.1
Maces & Flails | 2 3 4 5 7 |  7.5
Fighting       | 4 5 |  5.2
Stealth        | 1 |  1.0
Dodging        | |  0.3
Shields        | |  2.9

Action                   |  1- 3 |  4- 6 |  7- 9 || total
-------------------------+-------+-------+-------++-------
Melee: Flail             |    89 |   175 |   119 ||   383
  Use: Potion            |       |       |    13 ||    13
       Scroll            |       |       |     8 ||     8
  Eat: Chunk             |     1 |     4 |       ||     5
       Fruit             |       |     2 |     1 ||     3
       Bread ration      |       |       |     1 ||     1
Armor: Scale mail        |    35 |    80 |    26 ||   141
Dodge: Dodged            |    26 |    34 |    31 ||    91
Block: Shield            |    48 |   101 |    59 ||   208
